SNL (28 & UNDER)
WICHITA WRANGLERS @ WEST PALM REDS
09/16/2023
 
TOP OF THE 1ST
Wichita Wranglers batting - Pitching for West Palm Reds : RHP Andy Hickey
Pitching: RHP Andy Hickey
Batting: SHB Martín Medina 0-0: Swinging Strike
0-1: Bunted foul
0-2: Foul Ball, location: 2F
0-2: Ball
1-2: Ball
2-2: Ball
3-2: Base on Balls
Batting: RHB António Gonzáles 0-0: Foul Ball, location: 2F
0-1: Ball
1-1: Called Strike
1-2: Ball
2-2: Fly out, F4 (Popup, 4MD)
Batting: RHB Cho-yun Qiao 0-0: Called Strike
0-1: Fly out, F8 (Flyball, 78D)
Runner from 1st tags up, OUT at 2nd
Top of the 1st over - 0 run(s), 0 hit(s), 0 error(s), 0 left on base; Wichita 0 - West Palm 0
BOTTOM OF THE 1ST
West Palm Reds batting - Pitching for Wichita Wranglers : RHP Alfonso Ortíz
Pitching: RHP Alfonso Ortíz
Batting: SHB Francis Shaffer 0-0: Called Strike
0-1: Called Strike
0-2: Strikes out swinging
Batting: RHB Juan Vareas 0-0: Called Strike
0-1: Called Strike
0-2: Ground out U3 (Groundball, 3S)
Batting: LHB Enrique Cortéz 0-0: Called Strike
0-1: Ball
1-1: Ball
2-1: Hit by Pitch
Batting: SHB Todd Smith 0-0: Ball
1-0: Called Strike
1-1: Called Strike
1-2: Ball
Wild Pitch!
Enrique Cortéz to second
2-2: Fly out, F7 (Flyball, 78M)
Bottom of the 1st over - 0 run(s), 0 hit(s), 0 error(s), 1 left on base; Wichita 0 - West Palm 0
TOP OF THE 2ND
Wichita Wranglers batting - Pitching for West Palm Reds : RHP Andy Hickey
Batting: LHB Mario Cornelo 0-0: Ball
1-0: Foul Ball, location: 2F
1-1: Called Strike
1-2: Strikes out swinging
Batting: RHB Felipe Rivas 0-0: Called Strike
0-1: Swinging Strike
0-2: Ball
1-2: Strikes out swinging
Batting: RHB Gustavo Díaz 0-0: Ball
1-0: Ball
2-0: Called Strike
2-1: Foul Ball, location: 2F
2-2: Ball
3-2: Strikes out swinging
Top of the 2nd over - 0 run(s), 0 hit(s), 0 error(s), 0 left on base; Wichita 0 - West Palm 0
BOTTOM OF THE 2ND
West Palm Reds batting - Pitching for Wichita Wranglers : RHP Alfonso Ortíz
Batting: RHB Jack Ray 0-0: Ball
1-0: Ball
2-0: Ball
3-0: Called Strike
3-1: Base on Balls
Batting: LHB Jeff Doss 0-0: Called Strike
0-1: Ball
1-1: Ball
2-1: DOUBLE (Line Drive, 89D)
Jack Ray to third
Batting: LHB Raúl Cordero 0-0: Called Strike
0-1: Foul Ball, location: 2F
0-2: Strikes out swinging
Batting: LHB Bill Smith 0-0: Ball
1-0: Ball
2-0: Ball
3-0: Called Strike
3-1: SINGLE (Line Drive, 9S)
Jack Ray scores
Jeff Doss to third
Runner from 3rd tries for Home, SAFE, no throw or cutoff
Batting: SHB Alex Hayes 0-0: Ball
1-0: Called Strike
Bill Smith steals 2nd base
1-1: Ball
2-1: Swinging Strike
2-2: Foul Ball, location: 2F
2-2: Ground out 1-3 (Groundball, 23)
Bill Smith to third
Batting: SHB Francis Shaffer 0-0: Ground out 5-3 (Groundball, 56S)
Bottom of the 2nd over - 2 run(s), 2 hit(s), 0 error(s), 1 left on base; Wichita 0 - West Palm 2
TOP OF THE 3RD
Wichita Wranglers batting - Pitching for West Palm Reds : RHP Andy Hickey
Batting: RHB Tom Howe 0-0: Fly out, F8 (Line Drive, 8LM)
Batting: RHB Felipe Lópes 0-0: Ball
1-0: Ground out 1-3 (Groundball, 15)
Batting: RHB Dave Henderson 0-0: Swinging Strike
0-1: Swinging Strike
0-2: Foul Ball, location: 2F
0-2: Ball
1-2: Ball
2-2: Ground out 6-3 (Groundball, 6)
Top of the 3rd over - 0 run(s), 0 hit(s), 0 error(s), 0 left on base; Wichita 0 - West Palm 2
BOTTOM OF THE 3RD
West Palm Reds batting - Pitching for Wichita Wranglers : RHP Alfonso Ortíz
Batting: RHB Juan Vareas 0-0: Ball
1-0: Called Strike
1-1: Ground out 1-3 (Groundball, 13)
Batting: LHB Enrique Cortéz 0-0: Foul Ball, location: 2F
0-1: Ground out 3-1 (Groundball, 34)
Batting: SHB Todd Smith 0-0: Foul Ball, location: 2F
0-1: Ball
1-1: Ball
2-1: Swinging Strike
2-2: Strikes out swinging
Bottom of the 3rd over - 0 run(s), 0 hit(s), 0 error(s), 0 left on base; Wichita 0 - West Palm 2
TOP OF THE 4TH
Wichita Wranglers batting - Pitching for West Palm Reds : RHP Andy Hickey
Batting: SHB Martín Medina 0-0: Ground out 6-3 (Groundball, 6M)
Batting: RHB António Gonzáles 0-0: Foul Ball, location: 2F
0-1: Swinging Strike
0-2: Ball
1-2: Ball
2-2: Strikes out swinging
Batting: RHB Cho-yun Qiao 0-0: Called Strike
0-1: Called Strike
0-2: Fly out, F7 (Flyball, 78S)
Top of the 4th over - 0 run(s), 0 hit(s), 0 error(s), 0 left on base; Wichita 0 - West Palm 2
BOTTOM OF THE 4TH
West Palm Reds batting - Pitching for Wichita Wranglers : RHP Alfonso Ortíz
Batting: RHB Jack Ray 0-0: Foul Ball, location: 2F
0-1: Swinging Strike
0-2: Foul Ball, location: 2F
0-2: Ball
1-2: Foul Ball, location: 2F
1-2: Fly out, F3 (Popup, 3S)
Batting: LHB Jeff Doss 0-0: Ball
1-0: Swinging Strike
1-1: Foul Ball, location: 2F
1-2: Strikes out swinging
Batting: LHB Raúl Cordero 0-0: Fly out, F9 (Line Drive, 9S)
Bottom of the 4th over - 0 run(s), 0 hit(s), 0 error(s), 0 left on base; Wichita 0 - West Palm 2
TOP OF THE 5TH
Wichita Wranglers batting - Pitching for West Palm Reds : RHP Andy Hickey
Batting: LHB Mario Cornelo 0-0: Ball
1-0: Ball
2-0: Ball
3-0: Called Strike
3-1: Base on Balls
Batting: RHB Felipe Rivas 0-0: Called Strike
0-1: Ball
1-1: Ball
2-1: Fly out, F2 (Popup, 2R)
Batting: RHB Gustavo Díaz 0-0: Ball
1-0: Called Strike
1-1: Ball
2-1: Fly out, F8 (Flyball, 8RXD)
Batting: RHB Tom Howe 0-0: Foul Ball, location: 2F
0-1: Ball
1-1: Called Strike
1-2: SINGLE (Line Drive, 78S)
Mario Cornelo to second
Batting: RHB Felipe Lópes 0-0: Ball
1-0: Foul Ball, location: 2F
1-1: Fielders Choice at 2nd, U4 (Groundball, 4M)
Top of the 5th over - 0 run(s), 1 hit(s), 0 error(s), 2 left on base; Wichita 0 - West Palm 2
BOTTOM OF THE 5TH
West Palm Reds batting - Pitching for Wichita Wranglers : RHP Alfonso Ortíz
Batting: LHB Bill Smith 0-0: Called Strike
0-1: Ball
1-1: Swinging Strike
1-2: Foul Ball, location: 2F
1-2: Ground out 4-3 (Groundball, 4)
Batting: SHB Alex Hayes 0-0: Foul Ball, location: 2F
0-1: Ball
1-1: Ball
2-1: Foul Ball, location: 2F
2-2: Foul Ball, location: 2F
2-2: Ball
3-2: Base on Balls
Batting: SHB Francis Shaffer 0-0: Ball
1-0: Ball
2-0: Ball
3-0: Called Strike
3-1: Foul Ball, location: 2F
3-2: Strikes out swinging
Pitching: RHP Eric Hunt
Batting: RHB Juan Vareas 0-0: Called Strike
0-1: Swinging Strike
0-2: Ball
1-2: Ball
2-2: Foul Ball, location: 2F
2-2: Ball
3-2: Base on Balls
Alex Hayes to second
Batting: LHB Enrique Cortéz 0-0: Ground out U3 (Groundball, 3S)
Bottom of the 5th over - 0 run(s), 0 hit(s), 0 error(s), 2 left on base; Wichita 0 - West Palm 2
TOP OF THE 6TH
Wichita Wranglers batting - Pitching for West Palm Reds : RHP Andy Hickey
Batting: RHB Dave Henderson 0-0: Called Strike
0-1: Swinging Strike
0-2: Foul Ball, location: 2F
0-2: Ball
1-2: Ground out 6-3 (Groundball, 6)
Batting: SHB Martín Medina 0-0: Ball
1-0: Foul Ball, location: 2F
1-1: Ball
2-1: Swinging Strike
2-2: Ball
3-2: DOUBLE (Line Drive, 78D)
Pitching: LHP Francisco Nieto
Batting: RHB António Gonzáles 0-0: Called Strike
Martín Medina steals 3rd base
0-1: Called Strike
0-2: Ball
1-2: Ground out 6-3 (Groundball, 56)
Martín Medina scores
Batting: RHB Cho-yun Qiao 0-0: Fly out, F7 (Flyball, 7S)
Top of the 6th over - 1 run(s), 1 hit(s), 0 error(s), 0 left on base; Wichita 1 - West Palm 2
BOTTOM OF THE 6TH
West Palm Reds batting - Pitching for Wichita Wranglers : RHP Eric Hunt
Batting: SHB Todd Smith 0-0: Ball
1-0: Ball
2-0: SOLO HOME RUN (Flyball, 9D), Distance : 381 ft
Batting: RHB Jack Ray 0-0: Called Strike
0-1: Ball
1-1: Swinging Strike
1-2: Foul Ball, location: 2F
1-2: Ball
2-2: Ball
3-2: SINGLE (Line Drive, 4D)
Batting: LHB Jeff Doss 0-0: Ball
1-0: SINGLE (Line Drive, 7LM)
Jack Ray to second
Batting: LHB Raúl Cordero 0-0: Called Strike
0-1: Ball
1-1: SINGLE (Groundball, 25) (infield hit)
Jack Ray to third
Jeff Doss to second
Batting: LHB Bill Smith 0-0: Ball
1-0: Called Strike
1-1: Ball
2-1: Foul Ball, location: 2F
2-2: Foul Ball, location: 2F
2-2: Ball
3-2: Foul Ball, location: 2F
3-2: Base on Balls
Jack Ray scores
Jeff Doss to third
Raúl Cordero to second
Batting: SHB Alex Hayes 0-0: Ball
1-0: Ball
2-0: Called Strike
2-1: Grounds into fielders choice 5-2 (Groundball, 56)
Raúl Cordero to third
Bill Smith to second
Batting: SHB Francis Shaffer 0-0: Fly out, F9 (Flyball, 9LD)
Runner from 3rd tags up, SCORES, no throw
Bill Smith to third
Batting: RHB Juan Vareas 0-0: Ground out 1-3 (Groundball, 13)
Bottom of the 6th over - 3 run(s), 4 hit(s), 0 error(s), 2 left on base; Wichita 1 - West Palm 5
TOP OF THE 7TH
Wichita Wranglers batting - Pitching for West Palm Reds : LHP Francisco Nieto
Batting: LHB Mario Cornelo 0-0: Foul Ball, location: 2F
0-1: Ball
1-1: Foul Ball, location: 2F
1-2: Strikes out swinging
Batting: RHB Felipe Rivas 0-0: Ball
1-0: Foul Ball, location: 2F
1-1: Ball
2-1: Swinging Strike
2-2: Ball
3-2: Base on Balls
Batting: RHB Gustavo Díaz 0-0: Grounds into double play, 4-6-3 (Groundball, 4)
Top of the 7th over - 0 run(s), 0 hit(s), 0 error(s), 0 left on base; Wichita 1 - West Palm 5
BOTTOM OF THE 7TH
West Palm Reds batting - Pitching for Wichita Wranglers : RHP Eric Hunt
Batting: LHB Enrique Cortéz 0-0: Ball
1-0: Ball
2-0: SINGLE (Line Drive, 9S)
Pitching: RHP Tom Long
Batting: SHB Todd Smith 0-0: Swinging Strike
0-1: Ball
1-1: Ball
2-1: Swinging Strike
2-2: Strikes out swinging
Batting: RHB Jack Ray 0-0: Ball
Pickoff Throw to First - Out!
1-0: Ball
2-0: Ball
3-0: Base on Balls
Batting: LHB Jeff Doss 0-0: Ball
1-0: Called Strike
1-1: Ball
2-1: Ball
3-1: Fly out, F7 (Popup, 6)
Bottom of the 7th over - 0 run(s), 1 hit(s), 0 error(s), 1 left on base; Wichita 1 - West Palm 5
TOP OF THE 8TH
Wichita Wranglers batting - Pitching for West Palm Reds : LHP Francisco Nieto
Batting: RHB Tom Howe 0-0: DOUBLE (Line Drive, 7LM)
Batting: RHB Felipe Lópes 0-0: Ball
1-0: Called Strike
1-1: Swinging Strike
1-2: Strikes out looking
Pitching: RHP Carlos Gonzáles
Batting: RHB Dave Henderson 0-0: Called Strike
0-1: Ball
1-1: Foul Ball, location: 2F
1-2: Ball
2-2: Foul Ball, location: 2F
2-2: Foul Ball, location: 2F
2-2: Strikes out looking
Batting: SHB Martín Medina 0-0: SINGLE (Flyball, 8LS)
Tom Howe to third
Runner from 3rd tries for Home, SAFE, no throw or cutoff
Pitching: RHP Butch Ramey
Batting: RHB António Gonzáles 0-0: Called Strike
0-1: Foul Ball, location: 2F
0-2: Strikes out swinging
Top of the 8th over - 1 run(s), 2 hit(s), 0 error(s), 1 left on base; Wichita 2 - West Palm 5
BOTTOM OF THE 8TH
West Palm Reds batting - Pitching for Wichita Wranglers : RHP Tom Long
Batting: LHB Raúl Cordero 0-0: Foul Ball, location: 2F
0-1: Swinging Strike
0-2: Ball
1-2: Strikes out swinging
Batting: LHB Bill Smith 0-0: Ball
1-0: Ball
2-0: Ball
3-0: Called Strike
3-1: Foul Ball, location: 2F
3-2: Foul Ball, location: 2F
3-2: Ground out 4-3 (Groundball, 4M)
Batting: SHB Alex Hayes 0-0: Ball
1-0: Ball
2-0: Called Strike
2-1: Ball
3-1: Called Strike
3-2: Foul Ball, location: 2F
3-2: Base on Balls
Batting: SHB Francis Shaffer 0-0: DOUBLE (Line Drive, 89M)
Alex Hayes to third
Runner from 3rd tries for Home, SAFE, throw made at trailing runner, SAFE at third!
Pitching: RHP Dave Grant
Batting: RHB Juan Vareas 0-0: Foul Ball, location: 2F
0-1: Ball
Wild Pitch!
Francis Shaffer scores
1-1: Ball
2-1: Ground out 5-3 (Groundball, 5)
Bottom of the 8th over - 2 run(s), 1 hit(s), 0 error(s), 0 left on base; Wichita 2 - West Palm 7
TOP OF THE 9TH
Wichita Wranglers batting - Pitching for West Palm Reds : RHP Butch Ramey
Pitching: RHP Kei Hashimoto
Now at 1B: Félix García
Now in CF: Jermaine Carter
Batting: RHB Cho-yun Qiao 0-0: Fly out, F2 (Popup, 2LF)
Batting: LHB Mario Cornelo 0-0: Ball
1-0: SINGLE (Groundball, 6M)
Batting: RHB Felipe Rivas 0-0: Called Strike
0-1: Ball
1-1: Foul Ball, location: 2F
1-2: Ball
2-2: Foul Ball, location: 2F
2-2: Strikes out swinging
Batting: RHB Gustavo Díaz 0-0: Foul Ball, location: 2F
0-1: Foul Ball, location: 2F
0-2: Ball
1-2: Ball
2-2: Strikes out swinging
Top of the 9th over - 0 run(s), 1 hit(s), 0 error(s), 1 left on base; Wichita 2 - West Palm 7
This league is powered by Out of the Park Baseball, the baseball management simulation game for PC, Mac and Linux
Wednesday, December 2nd, 2015 - OOTP Baseball 16.8 Build 38